 Dungeon Crawl Stone Soup version 0.28-a0-1594-ga885d4b3d6 (webtiles) character file.

Game seed: 11560195015628791652

8911 hashsling the Eclecticist (level 11, -2/54 HPs)
             Began as a Deep Elf Fire Elementalist on Jan 20, 2022.
             Was a Priest of Vehumet.
             Slain by a sun demon (18 damage)
             ... summoned by a kobold demonologist
             ... in a bailey.
             The game lasted 00:55:28 (12175 turns).

hashsling the Eclecticist (DEFE)                   Turns: 12175, Time: 00:55:29

Health: -2/54      AC:  7    Str:  5    XL:     11   Next: 16%
Magic:  17/33      EV: 16    Int: 31    God:    Vehumet [***...]
Gold:   625        SH:  0    Dex: 15    Spells: 21/42 levels left

rFire   . . .      SeeInvis .   P - +3 battleaxe (freeze)
rCold   . . .      Faith    .   (shield currently unavailable)
rNeg    + . .      Spirit   .   t - +2 robe {Will+}
rPois   +          Reflect  .   D - +2 hat
rElec   .          Harm     .   (no cloak)
rCorr   .          Rampage  .   p - +0 pair of gloves
Will    +++++      Clarity  +   (no boots)
Stlth   ++........              C - amulet of the Four Winds {rN+ Will+++ Clar}
HPRegen 0.18/turn               k - +6 ring of intelligence
MPRegen 0.23/turn               y - ring of poison resistance

@: no status effects
A: no striking features
a: Renounce Religion


You were in a bailey.
You worshipped Vehumet.
Vehumet was most pleased with you.
You visited 2 branches of the dungeon, and saw 10 of its levels.
You also visited: Bailey.

You collected 625 gold pieces.

Inventory:

Hand Weapons
 P - a +3 battleaxe of freezing (weapon)
Missiles
 g - 76 arrows
 q - 11 boomerangs of dispersal
 s - a throwing net
Armour
 p - a +0 pair of gloves (worn)
 t - a +2 robe of willpower (worn)
 D - a +2 hat (worn)
 F - a +0 ring mail of cold resistance
Jewellery
 k - a +6 ring of intelligence (left hand)
 x - an amulet of faith
 y - a ring of poison resistance (right hand)
 A - a ring of positive energy
 C - the amulet of the Four Winds (around neck) {rN+ Will+++ Clar}
   (You found it on level 5 of the Dungeon)

   [amulet of nothing]

   rN:        It protects you from negative energy.
   Clar:      It protects you against confusion.
   Will:      It greatly increases your willpower.
 K - a ring of protection from cold
 M - a ring of resist corrosion
 Q - a +6 ring of intelligence
Wands
 a - a wand of iceblast (8)
 f - a wand of flame (19)
 i - a wand of digging (6)
 E - a wand of acid (6)
 L - a wand of paralysis (5)
Scrolls
 c - a scroll of amnesia {unknown}
 d - a scroll of teleportation {unknown}
 e - a scroll of acquirement {unknown}
 l - a scroll of blinking {unknown}
 o - 5 scrolls of silence
 r - 2 scrolls of enchant armour
 w - a scroll of holy word {unknown}
 B - 4 scrolls of brand weapon
 J - a scroll of fog {unknown}
 O - a scroll of fear {unknown}
 R - a scroll of identify
 S - 2 scrolls of noise {unknown}
Potions
 b - 3 potions of heal wounds
 h - 3 potions of attraction
 j - 3 potions of curing
 n - 2 potions of ambrosia {unknown}
 u - a potion of cancellation {unknown}
 v - 2 potions of might {unknown}
 z - a potion of degeneration {unknown}
 G - a potion of haste {unknown}
 H - 4 potions of mutation
 I - 2 potions of brilliance
 N - a potion of invisibility {unknown}


   Skills:
 - Level 9.0 Dodging
 - Level 2.4 Stealth
 * Level 16.2 Spellcasting
 - Level 8.0 Conjurations
 - Level 8.0 Fire Magic


You had 21 spell levels left.
You knew the following spells:

 Your Spells              Type           Power      Damage    Failure   Level
a - Foxfire               Conj/Fire      100%       2x1d9     1%          1
b - Magic Dart            Conj           100%       1d8       1%          1
c - Scorch                Fire           100%       2d10      1%          2
d - Conjure Flame         Conj/Fire      66%        6-21      1%          3
e - Flame Wave            Conj/Fire      66%        2d10      1%          4
f - Inner Flame           Hex/Fire       50%        N/A       1%          3
g - Mephitic Cloud        Conj/Pois/Air  41%        N/A       1%          3
h - Static Discharge      Conj/Air       49%        N/A       1%          2
i - Searing Ray           Conj           100%       2d8       1%          2

Your spell library contained the following spells:

 Spells                   Type           Power      Damage    Failure   Level
 Call Imp                 Summ           25%        N/A       2%          2


Dungeon Overview and Level Annotations

Branches:
Dungeon (9/15)             Temple (1/1) D:5          Bailey (1/1)
   Lair: D:8-11         Orc: D:9-12

Altars:
Ashenzari
Cheibriados
Elyvilon
Fedhas
Gozag
Hepliaklqana
Kikubaaqudgha
Makhleb
Nemelex Xobeh
Okawaru
Qazlal
Ru
Sif Muna
Trog
Uskayaw
Vehumet
Wu Jian
Xom
Yredelemnul
Zin
The Shining One

Annotations:
D:2 Sigmund


Message History

The kobold demonologist is lightly wounded. (Press . to maintain the ray.)
The kobold demonologist is engulfed in noxious fumes.
The searing ray hits the kobold demonologist but does no damage.
The kobold demonologist is lightly wounded.
The kobold demonologist barely misses you.
The searing ray misses the kobold demonologist.
You finish channelling your searing ray.
The kobold demonologist misses you. The sun demon barely misses you.
Casting: Searing Ray (safe; 1% risk of failure)
Confirm with . or Enter, or press ? or * to list all spells.
The kobold demonologist is struck by an arc of lightning.
The kobold demonologist is moderately wounded.
You are struck by an arc of lightning.
The kobold demonologist is struck by an arc of lightning!
The kobold demonologist is heavily wounded.
The lightning grounds out.
The sun demon completely misses you.
Casting: Static Discharge (safe; 1% risk of failure)
Confirm with . or Enter, or press ? or * to list all spells.
The kobold demonologist is struck by an arc of lightning!
The kobold demonologist is severely wounded.
You are struck by an arc of lightning.
The lightning grounds out.
The sun demon hits you!!
You are engulfed in flames!
* * * LOW HITPOINT WARNING * * *
The kobold demonologist closely misses you.
Casting: Static Discharge (safe; 1% risk of failure)
Confirm with . or Enter, or press ? or * to list all spells.
Aiming: Searing Ray (safe; 1% risk of failure)
Press: ? - help, Shift-Dir - straight line, f - kobold demonologist
Aim: a kobold demonologist, wielding a +0 war axe, wearing a +0 scale mail and wearing an orb of guile (severely wounded, confused, 92% to hit)
The searing ray hits the kobold demonologist but does no damage.
The kobold demonologist is severely wounded. (Press . to maintain the ray.)
The sun demon completely misses you.
The kobold demonologist completely misses you.
The searing ray hits the kobold demonologist!
The kobold demonologist is almost dead.
The kobold demonologist seems less confused.
The sun demon hits you!!
You die...

#.8...#.....# 8.
#.....#######
#.8############
#..# ......... #.8#
....... #).# .._..
≈≈≈≈≈≈.##)# .5.
≈≈≈≈≈≈.#.)# ##3##
≈≈≈≈≈≈.#.)# #.@.#
≈≈≈≈≈≈.#..# #..K#
≈≈≈≈.#.)## #8.8#
≈≈.#..#. #...#
#'#'##'###8)8#
#....#...#...#
#....#...#...# )#
###..######.######.
+....))).∩.......


You could see a sun demon (summoned), a kobold demonologist and a white imp
(summoned).

Vanquished Creatures
  The ghost of knot the Cleaver, a novice DsBe of Trog (D:6)
  A cyclops (D:7)
  An orc knight (Bailey)
  An orc sorcerer (Bailey)
  Psyche (D:8)
  A troll (D:7)
  A hornet (D:8)
  A yak (D:8)
  4 vampire mosquitoes (D:8)
  5 steam dragons
  A water moccasin (D:5)
  Edmund (D:6)
  7 orc warriors
  2 ice beasts
  7 sky beasts
  3 black bears
  2 necrophages (D:5)
  An ogre (D:5)
  2 centaurs
  A phantom (D:6)
  A bullfrog (D:8)
  A scorpion (D:4)
  2 wyvern skeletons
  A water moccasin skeleton (D:7)
  12 killer bees
  9 wights
  An electric eel (Bailey)
  2 howler monkeys (D:3)
  3 centaur zombies
  2 jellies (D:8)
  A bullfrog skeleton (D:7)
  5 orc priests
  A bullfrog zombie (D:5)
  2 gnoll shamans
  6 hounds
  Terence (D:2)
  Natasha (thrice) (D:2)
  10 iguanas
  3 orc wizards
  A killer bee zombie (D:7)
  2 hound skeletons (D:5)
  Robin (D:4)
  22 gnolls
  6 adders
  2 white imps
  An adder skeleton (D:4)
  3 worms
  59 orcs
  4 endoplasms
  4 giant cockroaches
  19 goblins
  12 hobgoblins
  9 jackals (D:3)
  2 quokkas
  3 ball pythons
  5 bats
  3 frilled lizards (D:1)
  6 kobolds
  3 rats
277 creatures vanquished.

Vanquished Creatures (others)
  466 foxfires
466 creatures vanquished.

Grand Total: 743 creatures vanquished

Notes
Turn   | Place    | Note
-------+----------+-------------------------------------------
     0 | D:1      | hashsling the Deep Elf Fire Elementalist began the quest
                  | for the Orb.
     0 | D:1      | Reached XP level 1. HP: 10/10 MP: 6/6
   375 | D:1      | Learned a level 1 spell: Magic Dart
   468 | D:1      | Reached XP level 2. HP: 15/15 MP: 4/8
   987 | D:2      | Learned a level 2 spell: Scorch
  1086 | D:2      | Reached XP level 3. HP: 15/19 MP: 0/10
  1320 | D:2      | Noticed Natasha
  1326 | D:2      | Killed Natasha
  1331 | D:2      | Learned a level 3 spell: Conjure Flame
  1389 | D:2      | Noticed Terence
  1398 | D:2      | Killed Terence
  1399 | D:2      | Reached skill level 4 in Spellcasting
  1399 | D:2      | Reached XP level 4. HP: 24/24 MP: 2/12
  1620 | D:2      | Noticed Natasha
  1624 | D:2      | Killed Natasha
  1757 | D:2      | Noticed Natasha
  1788 | D:2      | Killed Natasha
  1789 | D:2      | Reached XP level 5. HP: 17/28 MP: 5/13
  1995 | D:2      | Noticed Sigmund
  2002 | D:2      | Learned a level 4 spell: Flame Wave
  3159 | D:3      | Reached skill level 5 in Spellcasting
  3159 | D:3      | Reached XP level 6. HP: 32/32 MP: 0/15
  3544 | D:3      | Reached skill level 5 in Fire Magic
  3708 | D:3      | Reached skill level 5 in Dodging
  3995 | D:3      | Reached XP level 7. HP: 36/36 MP: 2/17
  4727 | D:4      | Reached skill level 6 in Spellcasting
  4963 | D:4      | Noticed Robin
  4972 | D:4      | Killed Robin
  5474 | D:5      | Entered Level 5 of the Dungeon
  5486 | D:5      | Reached skill level 5 in Conjurations
  5486 | D:5      | Reached XP level 8. HP: 26/41 MP: 7/20
  5656 | D:5      | Reached skill level 7 in Spellcasting
  5974 | D:5      | Learned a level 3 spell: Inner Flame
  5978 | D:5      | Learned a level 3 spell: Mephitic Cloud
  5983 | D:5      | Found the amulet of the Four Winds {rN+ Will+++ Clar}
  6275 | D:5      | Found a staircase to the Ecumenical Temple.
  6283 | Temple   | Entered the Ecumenical Temple
  6773 | Temple   | Became a worshipper of Vehumet
  6885 | D:6      | Noticed knot's ghost (novice DsBe)
  6885 | D:6      | Found a runed translucent door.
  6898 | D:6      | Reached skill level 8 in Spellcasting
  7374 | D:6      | Reached XP level 9. HP: 45/45 MP: 13/23
  7566 | D:6      | Noticed Edmund
  7577 | D:6      | Killed Edmund
  8214 | D:6      | Killed knot's ghost
  8215 | D:6      | Reached skill level 9 in Spellcasting
  8485 | D:7      | Reached * piety under Vehumet
  8485 | D:7      | Offered knowledge of Shock by Vehumet.
  8487 | D:7      | Noticed a cyclops
  8948 | D:7      | Reached skill level 10 in Spellcasting
  9074 | D:7      | Noticed a troll
  9080 | D:7      | Killed a troll
  9081 | D:7      | Reached XP level 10. HP: 50/50 MP: 16/26
  9099 | D:7      | Killed a cyclops
  9100 | D:7      | Reached skill level 11 in Spellcasting
  9862 | D:8      | Noticed Psyche
  9865 | D:8      | Killed Psyche
  9866 | D:8      | Reached skill level 12 in Spellcasting
 10161 | D:8      | Found an ornate altar of the Wu Jian Council.
 10334 | D:8      | Reached skill level 13 in Spellcasting
 10483 | D:8      | Reached ** piety under Vehumet
 10483 | D:8      | Offered knowledge of Static Discharge by Vehumet.
 11057 | D:8      | Reached skill level 14 in Spellcasting
 11080 | D:8      | Learned a level 2 spell: Static Discharge
 11423 | D:8      | Reached skill level 15 in Spellcasting
 11429 | D:8      | Offered knowledge of Searing Ray by Vehumet.
 11433 | D:8      | Learned a level 2 spell: Searing Ray
 11754 | D:9      | Found a flagged portal.
 11762 | Bailey   | Entered a bailey
 11898 | Bailey   | Reached XP level 11. HP: 48/54 MP: 22/32
 11899 | Bailey   | Noticed an orc sorcerer
 11909 | Bailey   | Killed an orc sorcerer
 12023 | Bailey   | Noticed an orc knight
 12030 | Bailey   | Killed an orc knight
 12030 | Bailey   | Reached *** piety under Vehumet
 12031 | Bailey   | Reached skill level 16 in Spellcasting
 12161 | Bailey   | Found an iron altar of Okawaru.
 12166 | Bailey   | Noticed a sun demon
 12175 | Bailey   | Slain by a sun demon

Illustrated notes

Levels and vault maps discovered:
D:1:      dpeg_arrival_rooms_b, layout_loops_ring,
          shapermc_ecumenical_altar_petra
D:2:      layout_rooms, uniq_sigmund, uniq_natasha, uniq_terence
D:3:      lemuel_castle_with_subvaults [lemuel_castle_interior_carwin_1],
          layout_basic
D:4:      layout_cave_pools, uniq_robin
D:5:      layout_cave_pools, minmay_temple_entry_statues_pillars
D:6:      black_bear_nest_1, layout_basic, hellmonk_ghost_happy_afterlife,
          minmay_misc_feat_diagonals, lemuel_old_faithful, uniq_edmund
D:7:      hangedman_cross_stitches, layout_cave_pods
D:8:      minmay_bubble_buster, layout_loops_ring,
          mainiacjoe_overflow_tiny_flanked, kennysheep_pointless_box,
          hangedman_misty_isle, uniq_psyche
D:9:      layout_small_grid, enter_bailey_2, gammafunk_ghost_smash
Temple:   mainiacjoe_temple_big_plus
Bailey:   bailey_axe_of_yendor_kennysheep, bailey

Skill      XL: |  1  2  3  4  5  6  7  8  9 10 11 |
---------------+----------------------------------+-----
Dodging        | 3 4 5 6 7 9 |  9.0
Conjurations   | 2 3 4 5 6 8 |  8.0
Spellcasting   | 4 5 6 8 10 15 16 | 16.2
Fire Magic     | 4 5 6 7 8 |  8.0
Stealth        | |  2.4

Action                   |  1- 3 |  4- 6 |  7- 9 | 10-12 || total
-------------------------+-------+-------+-------+-------++-------
Melee: Spear             |    14 |    32 |    16 |       ||    62
       Unarmed           |     1 |     9 |       |       ||    10
       Club              |     1 |       |       |       ||     1
       Punch             |     1 |       |       |       ||     1
       Mace              |       |       |    26 |     2 ||    28
       Battleaxe         |       |       |       |    13 ||    13
 Cast: Foxfire           |    16 |    13 |   198 |    55 ||   282
       Magic Dart        |    49 |   170 |    41 |    39 ||   299
       Scorch            |     3 |     9 |    53 |    63 ||   128
       Flame Wave        |       |       |     5 |    10 ||    15
       Conjure Flame     |       |       |     3 |     2 ||     5
       Inner Flame       |       |       |     1 |     1 ||     2
       Searing Ray       |       |       |       |     4 ||     4
       Static Discharge  |       |       |       |     2 ||     2
       Mephitic Cloud    |       |       |       |     1 ||     1
Evoke: Wand              |       |       |       |     2 ||     2
  Use: Scroll            |       |       |       |     7 ||     7
       Potion            |       |       |       |     1 ||     1
Armor: Robe              |     4 |     6 |    11 |    16 ||    37
       Skin              |       |     2 |       |       ||     2
Dodge: Dodged            |    12 |    26 |    38 |    82 ||   158

Table legend: (Time is in decaauts)
 A = Elapsed time spent in this place.
 B = Non-inter-level travel time spent in this place.
 C = Inter-level travel time spent in this place.
 D = Time resting spent in this place.
 E = Time spent auto-exploring this place.
 F = Levels seen in this place.
 G = Mean time per level.
                   A        B        C        D        E       F      G
               +--------+--------+--------+--------+--------+-----+--------+
         Total |  12224 |  11995 |    229 |    757 |   9089 |  11 | 1111.3 |
       Dungeon |  11281 |  11090 |    191 |    757 |   8397 |   9 | 1253.4 |
        Temple |    528 |    490 |     38 |      0 |    384 |   1 |  528.0 |
        Bailey |    414 |    414 |      0 |      0 |    308 |   1 |  414.0 |
               +--------+--------+--------+--------+--------+-----+--------+

Top non-repeatable levels by time:
     D:3: 2566 daAuts
     D:8: 1895 daAuts
     D:6: 1720 daAuts
     D:2: 1266 daAuts
     D:7: 1223 daAuts
     D:4: 918 daAuts
     D:1: 907 daAuts
     D:5: 726 daAuts
  Temple: 528 daAuts
  Bailey: 414 daAuts
     D:9: 56 daAuts
